[Event "39th Olympiad Khanty-Mansiysk 2010"]
[Site "Khanty-Mansiysk/Russia"]
[Date "2010.09.21"]
[Round "1"]
[White "Amura, Claudia"]
[Black "Mir Mahmod, Afamya"]
[Result "1-0"]
[WhiteElo "2329"]
[BlackElo "2014"]
[PlyCount "95"]
[EventDate "2010.??.??"]
[WhiteTeam "Argentina"]
[BlackTeam "Syria"]
[WhiteTeamCountry "ARG"]
[BlackTeamCountry "SYR"]
[TimeControl "40/5400+30:1800+30"]

1. d4 d5 2. Bg5 Nf6 3. Bxf6 exf6 4. e3 Bd6 5. Bd3 Be6 6. Qf3 Qd7 7. Nd2 Nc6 8.
c3 Ne7 9. h3 f5 10. Ne2 f6 11. Nf4 Bf7 12. g4 Bxf4 13. Qxf4 fxg4 14. hxg4 Bg6
15. e4 O-O-O 16. O-O-O dxe4 17. Nxe4 Qe6 18. Kb1 Nd5 19. Qf3 Qb6 20. Ka1 Rhe8
21. Nc5 Qc6 22. Bf5+ Kb8 23. a3 b6 24. Nd3 Qc4 25. Bxg6 hxg6 26. Rc1 Re7 27. g5
Rf8 28. Ne5 fxe5 29. Qxf8+ Kb7 30. dxe5 Rxe5 31. Rhd1 Re2 32. Qf7 Re5 33. Rd4
Qc6 34. Qxg7 Rxg5 35. c4 Nf6 36. Re1 Rf5 37. Qxg6 Rxf2 38. Red1 Qf3 39. Qd3 Qg2
40. Rd2 Rxd2 41. Qxd2 Qxd2 42. Rxd2 Kc6 43. Ka2 Kc5 44. Kb3 a5 45. Re2 Nd7 46.
Kc3 c6 47. Rd2 Ne5 48. b4+ 1-0

[Event "39th Olympiad Khanty-Mansiysk 2010"]
[Site "Khanty-Mansiysk/Russia"]
[Date "2010.09.21"]
[Round "1"]
[White "Baginskaite, Kamile"]
[Black "Jose Polanco, Kenia"]
[Result "1-0"]
[WhiteElo "2328"]
[BlackElo "1997"]
[PlyCount "85"]
[EventDate "2010.??.??"]
[WhiteTeam "United States"]
[BlackTeam "Dominican Republic"]
[WhiteTeamCountry "USA"]
[BlackTeamCountry "DOM"]
[TimeControl "40/5400+30:1800+30"]

1. d4 e6 2. c4 Nf6 3. g3 d5 4. Nf3 c6 5. Qc2 Nbd7 6. Bg2 Bd6 7. O-O O-O 8. Nbd2
Re8 9. b3 b6 10. Bb2 Bb7 11. e4 dxe4 12. Ng5 e5 13. Ndxe4 Nxe4 14. Nxe4 Bc7 15.
dxe5 Bxe5 16. Bxe5 Rxe5 17. Rad1 Qc7 18. Qd3 Re7 19. Qd6 Nf8 20. Qxc7 Rxc7 21.
Nd6 Rb8 22. Nxb7 Rbxb7 23. Rd6 Rd7 24. Rxc6 Rbc7 25. Rxc7 Rxc7 26. Re1 g6 27.
Re8 Kg7 28. Bd5 h5 29. h4 Nh7 30. Rb8 Nf6 31. Bf3 Nd7 32. Ra8 Ne5 33. Bd5 Nd3
34. a3 Nc1 35. b4 Kf6 36. Re8 Nd3 37. f4 Re7 38. Rxe7 Kxe7 39. Kf1 a5 40. Ke2
Nb2 41. Kd2 axb4 42. axb4 b5 43. c5 1-0

[Event "39th Olympiad Khanty-Mansiysk 2010"]
[Site "Khanty-Mansiysk/Russia"]
[Date "2010.09.21"]
[Round "1"]
[White "Hasan, Mehdi"]
[Black "Delchev, Aleksander"]
[Result "0-1"]
[WhiteElo "2322"]
[BlackElo "2623"]
[PlyCount "90"]
[EventDate "2010.??.??"]
[WhiteTeam "Bangladesh"]
[BlackTeam "Bulgaria"]
[WhiteTeamCountry "BAN"]
[BlackTeamCountry "BUL"]
[TimeControl "40/5400+30:1800+30"]

1. e4 e5 2. Nf3 Nc6 3. Bc4 Nf6 4. d3 Be7 5. O-O O-O 6. Re1 d6 7. a4 Na5 8. h3
Nxc4 9. dxc4 Be6 10. b3 Nd7 11. g4 h5 12. Nh2 Bg5 13. Nc3 hxg4 14. hxg4 g6 15.
Bxg5 Qxg5 16. Re3 Kg7 17. Rg3 Rh8 18. Nb5 Qd8 19. Kg2 Nc5 20. Nc3 Bd7 21. f3
Ne6 22. Ne2 Qf6 23. Nf1 Rh7 24. Kf2 Rah8 25. Ke3 Rh1 26. Kd2 Ng5 27. Ke3 Be6
28. Qe1 R8h3 29. Qf2 Rxg3 30. Nexg3 Qf4+ 31. Ke2 Nxf3 32. Nxh1 Qxe4+ 33. Kd1
Bxg4 34. Kc1 Qf4+ 35. Kb2 e4 36. Rd1 b6 37. Ne3 Be6 38. Nd5 Bxd5 39. Rxd5 e3
40. Qe2 Nd4 41. Qd3 c5 42. Qc3 Kg8 43. a5 bxa5 44. Ka2 a4 45. b4 Ne2 0-1

[Event "39th Olympiad Khanty-Mansiysk 2010"]
[Site "Khanty-Mansiysk/Russia"]
[Date "2010.09.21"]
[Round "1"]
[White "Pina Vega, Sulennis"]
[Black "Figueroa, Julissa"]
[Result "1-0"]
[WhiteElo "2322"]
[BlackElo "1792"]
[PlyCount "63"]
[EventDate "2010.??.??"]
[WhiteTeam "Cuba"]
[BlackTeam "Guatemala"]
[WhiteTeamCountry "CUB"]
[BlackTeamCountry "GUA"]
[TimeControl "40/5400+30:1800+30"]

1. e4 c5 2. b3 e6 3. Bb2 d5 4. e5 Nc6 5. f4 Nge7 6. Nf3 d4 7. g3 b6 8. Bg2 Bb7
9. O-O Qc7 10. Na3 a6 11. c3 O-O-O 12. cxd4 Nf5 13. Nc2 Ncxd4 14. Ncxd4 Nxd4
15. Nxd4 Bxg2 16. Kxg2 Rxd4 17. Bxd4 Qb7+ 18. Qf3 cxd4 19. Rac1+ Kb8 20. Qxb7+
Kxb7 21. f5 Ba3 22. Rc4 exf5 23. Rxf5 Rf8 24. Rxd4 Bb2 25. Rd7+ Kc6 26. Rdxf7
Rxf7 27. Rxf7 Bxe5 28. Kf3 Bf6 29. Ke4 Kb5 30. d4 Kb4 31. d5 Ka3 32. Rxf6 1-0

[Event "39th Olympiad Khanty-Mansiysk 2010"]
[Site "Khanty-Mansiysk/Russia"]
[Date "2010.09.21"]
[Round "1"]
[White "Reizniece, Dana"]
[Black "Saleh, Nora Mohd"]
[Result "1-0"]
[WhiteElo "2318"]
[BlackElo "1906"]
[PlyCount "89"]
[EventDate "2010.??.??"]
[WhiteTeam "Latvia"]
[BlackTeam "United Arab Emirates"]
[WhiteTeamCountry "LAT"]
[BlackTeamCountry "UAE"]
[TimeControl "40/5400+30:1800+30"]

1. c4 Nf6 2. Nc3 e6 3. e4 d5 4. e5 Nfd7 5. Nf3 d4 6. Nb5 c5 7. b4 Nc6 8. bxc5
Bxc5 9. Bb2 Ndxe5 10. Nxe5 Nxe5 11. Qh5 Nd7 12. Bxd4 Bxd4 13. Nxd4 Qf6 14. Nc2
e5 15. Be2 O-O 16. Ne3 Re8 17. O-O Nf8 18. Rfe1 Ng6 19. Nd5 Qd6 20. Bf3 Be6 21.
g3 Rac8 22. d3 b5 23. Red1 Qa6 24. cxb5 Qxb5 25. Ne3 Qb2 26. Rab1 Qd4 27. Be4
Rb8 28. Qe2 Rb6 29. Nc4 Rxb1 30. Rxb1 f5 31. Bg2 Rd8 32. Bf1 e4 33. dxe4 fxe4
34. Re1 Rf8 35. Qe3 Qxe3 36. Rxe3 Bd5 37. Nd6 Bxa2 38. Nxe4 Bd5 39. Nc3 Bc6 40.
Bc4+ Kh8 41. Nb5 a5 42. Nd6 Rf6 43. Nf7+ Kg8 44. Nd8+ Kh8 45. Nxc6 1-0

[Event "39th Olympiad Khanty-Mansiysk 2010"]
[Site "Khanty-Mansiysk/Russia"]
[Date "2010.09.21"]
[Round "1"]
[White "Denny, Kevin"]
[Black "Movsesian, Sergei"]
[Result "0-1"]
[WhiteElo "2316"]
[BlackElo "2723"]
[PlyCount "112"]
[EventDate "2010.??.??"]
[WhiteTeam "Barbados"]
[BlackTeam "Slovakia"]
[WhiteTeamCountry "BAR"]
[BlackTeamCountry "SVK"]
[TimeControl "40/5400+30:1800+30"]

1. e4 c5 2. c3 d6 3. d4 Nf6 4. Bd3 Nc6 5. Nf3 e5 6. d5 Nb8 7. h3 g6 8. c4 Bg7
9. Nc3 O-O 10. O-O Ne8 11. a3 Na6 12. Rb1 f5 13. b4 f4 14. Be2 Rf7 15. Ne1 h5
16. Nd3 b6 17. Bd2 Bf8 18. bxc5 Nxc5 19. Nxc5 bxc5 20. Rb3 Nf6 21. Bc1 Rh7 22.
f3 g5 23. Kf2 g4 24. Ke1 gxh3 25. gxh3 Bxh3 26. Rg1+ Kh8 27. Kd2 h4 28. Kc2 Nh5
29. Bd3 Ng3 30. Kb2 Bd7 31. Rg2 Be7 32. Bd2 h3 33. Rh2 Bh4 34. Be1 Nh5 35. Bxh4
Qxh4 36. Ka2 Rg8 37. Rbb2 Rhg7 38. Bf1 Nf6 39. Rbf2 Nh7 40. Qc2 Rg3 41. Qb3 Ng5
42. Be2 Qh7 43. Qb2 Be8 44. Qb8 Qe7 45. Nb5 Bxb5 46. Qxb5 Qc7 47. Rh1 Rb8 48.
Qa6 Kg7 49. Bd1 Kf6 50. Qa4 Qb6 51. Qc2 a5 52. Rhh2 Rg1 53. Qb3 Qxb3+ 54. Bxb3
Kg6 55. Ba4 Kh5 56. Bd7 Kh4 0-1

[Event "39th Olympiad Khanty-Mansiysk 2010"]
[Site "Khanty-Mansiysk/Russia"]
[Date "2010.09.21"]
[Round "1"]
[White "Voiska, Margarita"]
[Black "Greeff, Melissa"]
[Result "1/2-1/2"]
[WhiteElo "2314"]
[BlackElo "2079"]
[PlyCount "155"]
[EventDate "2010.??.??"]
[WhiteTeam "Bulgaria"]
[BlackTeam "South Africa"]
[WhiteTeamCountry "BUL"]
[BlackTeamCountry "RSA"]
[TimeControl "40/5400+30:1800+30"]

1. d4 Nf6 2. Nf3 e6 3. g3 b6 4. Bg2 Bb7 5. O-O d6 6. c4 Be7 7. Nc3 O-O 8. d5 e5
9. Nh4 a5 10. Nf5 Bc8 11. e4 Na6 12. Ne3 Nc5 13. b3 Ne8 14. Rb1 Bg5 15. Qc2
Bxe3 16. Bxe3 f5 17. f4 exf4 18. Rxf4 g6 19. exf5 Bxf5 20. Rbf1 Qe7 21. Qd2 Ng7
22. Bd4 Rae8 23. g4 Bd7 24. Rxf8+ Rxf8 25. Rxf8+ Kxf8 26. h3 g5 27. Qf2+ Qf7
28. Qe3 h6 29. Ne4 Nxe4 30. Bxe4 Ne8 31. Bc3 Nf6 32. Bd3 Qe7 33. Qf3 Kg7 34.
Bc2 Qf7 35. Kg2 Bc8 36. Bd4 Bd7 37. Qc3 Qe7 38. Qd3 Kf8 39. Qf3 Kg7 40. Qd3 Kf8
41. Qf1 Kg7 42. Qf2 Bc8 43. Kf1 Bd7 44. Bb1 Qf7 45. Qf3 Qe7 46. Kf2 Qf7 47. Kg3
Qe7 48. Bc3 Kf7 49. Bc2 Qd8 50. a3 Bc8 51. Qd3 Qg8 52. Qf3 Qd8 53. b4 axb4 54.
axb4 Bd7 55. Qf2 Bc8 56. Bd4 Qe7 57. Bb1 Bd7 58. Bc3 Bc8 59. Qf3 Bd7 60. Qd3
Kf8 61. Qd4 Kf7 62. Kf3 Bc8 63. Qd3 Kf8 64. Qg6 Ng8 65. Bf5 Bxf5 66. gxf5 Qf7
67. Qe6 Qh5+ 68. Kg2 g4 69. Qc8+ Kf7 70. Qe6+ Kf8 71. Qc8+ Kf7 72. Qd7+ Ne7 73.
Qe6+ Kf8 74. Bg7+ Ke8 75. f6 Qxh3+ 76. Kg1 Qg3+ 77. Kh1 Qf3+ 78. Kg1 1/2-1/2

[Event "39th Olympiad Khanty-Mansiysk 2010"]
[Site "Khanty-Mansiysk/Russia"]
[Date "2010.09.21"]
[Round "1"]
[White "Fernandez, Francis"]
[Black "L'Ami, Erwin"]
[Result "0-1"]
[WhiteElo "2313"]
[BlackElo "2624"]
[PlyCount "65"]
[EventDate "2010.??.??"]
[WhiteTeam "Dominican Republic"]
[BlackTeam "Netherlands"]
[WhiteTeamCountry "DOM"]
[BlackTeamCountry "NED"]
[TimeControl "40/5400+30:1800+30"]

1. d4 Nf6 2. c4 e6 3. Nc3 Bb4 4. e3 O-O 5. Bd3 d5 6. a3 Bxc3+ 7. bxc3 c6 8. Ne2
b6 9. cxd5 cxd5 10. O-O Ba6 11. f3 Bxd3 12. Qxd3 Nbd7 13. Ng3 e5 14. e4 Re8 15.
Qe2 Qc7 16. Bd2 Re6 17. Qf2 Rf8 18. Rae1 Kh8 19. h3 Qc6 20. Qe3 Rfe8 21. Qd3
Qa8 22. Kh2 Kg8 23. exd5 Qxd5 24. Nf5 exd4 25. Nxd4 Qd6+ 26. Kg1 Rxe1 27. Bxe1
Qxa3 28. Bf2 Ne5 29. Qb5 Qxc3 30. Re1 Qc5 31. Qa4 a5 32. f4 Qc4 33. Qa3 0-1

[Event "39th Olympiad Khanty-Mansiysk 2010"]
[Site "Khanty-Mansiysk/Russia"]
[Date "2010.09.21"]
[Round "1"]
[White "Voicu-Jagodzinsky, Carmen"]
[Black "Mona, Khaled"]
[Result "1-0"]
[WhiteElo "2313"]
[BlackElo "2103"]
[PlyCount "85"]
[EventDate "2010.??.??"]
[WhiteTeam "ROU"]
[BlackTeam "Egypt"]
[BlackTeamCountry "EGY"]
[TimeControl "40/5400+30:1800+30"]

1. e4 e5 2. Nf3 Nc6 3. Bc4 Bc5 4. c3 Nf6 5. d3 d6 6. Bb3 Bg4 7. h3 Be6 8. Nbd2
h6 9. O-O Qd7 10. Nc4 O-O-O 11. d4 Bxc4 12. Bxc4 Bb6 13. Bb5 exd4 14. cxd4 Nxe4
15. d5 Qf5 16. g4 Qf6 17. dxc6 bxc6 18. Ba6+ Kb8 19. Be3 Ng5 20. Kg2 d5 21. Nd4
c5 22. Nf5 g6 23. Ng3 c4 24. Bxb6 Qxb6 25. Qa4 Ne6 26. b4 Rd6 27. b5 Nf4+ 28.
Kh2 Nd3 29. Qc2 Re8 30. Rad1 Rf6 31. Rd2 Ne1 32. Rxe1 Rxe1 33. Kg2 Qc5 34. Qc3
Ree6 35. Ne4 Qe7 36. Nxf6 Rxf6 37. Qd4 Rd6 38. Re2 Qd8 39. Qg7 Rd7 40. Qxh6 d4
41. Qf4 f6 42. Qf3 Rd5 43. Re8 1-0

[Event "39th Olympiad Khanty-Mansiysk 2010"]
[Site "Khanty-Mansiysk/Russia"]
[Date "2010.09.21"]
[Round "1"]
[White "Mueller, Oliver"]
[Black "Tomashevsky, Evgeny"]
[Result "0-1"]
[WhiteElo "2311"]
[BlackElo "2701"]
[PlyCount "90"]
[EventDate "2010.??.??"]
[WhiteTeam "IBC"]
[BlackTeam "RU2"]
[TimeControl "40/5400+30:1800+30"]

1. d4 Nf6 2. c4 e6 3. Nf3 Bb4+ 4. Bd2 Qe7 5. g3 Nc6 6. Bg2 Bxd2+ 7. Nbxd2 d6 8.
e4 a5 9. O-O e5 10. d5 Nb8 11. Ne1 h5 12. f4 h4 13. Nd3 hxg3 14. hxg3 Nbd7 15.
Qe2 b6 16. Bf3 Nc5 17. Nxc5 bxc5 18. Rf2 Rg8 19. Rh2 g5 20. f5 g4 21. Bg2 Qf8
22. Qe3 a4 23. Kf2 Bd7 24. Rh6 Ke7 25. Rah1 Qg7 26. R6h4 Rgb8 27. Rb1 Rb4 28.
Bf1 c6 29. dxc6 Bxc6 30. Bd3 Rh8 31. b3 axb3 32. axb3 Rxh4 33. gxh4 Rb8 34. Ra1
Qh8 35. Rh1 Rg8 36. Be2 Nh5 37. Ke1 g3 38. Rg1 Nf4 39. h5 Nxh5 40. Bxh5 Qxh5
41. b4 Ra8 42. Qxg3 cxb4 43. c5 Qh6 44. Qg5+ Qxg5 45. Rxg5 dxc5 0-1

[Event "39th Olympiad Khanty-Mansiysk 2010"]
[Site "Khanty-Mansiysk/Russia"]
[Date "2010.09.21"]
[Round "1"]
[White "Ohme, Melanie"]
[Black "Jorquera Cabello, Valenti"]
[Result "1-0"]
[WhiteElo "2311"]
[BlackElo "1970"]
[PlyCount "61"]
[EventDate "2010.??.??"]
[WhiteTeam "Germany"]
[BlackTeam "Chile"]
[WhiteTeamCountry "GER"]
[BlackTeamCountry "CHI"]
[TimeControl "40/5400+30:1800+30"]

1. e4 c5 2. Nc3 Nc6 3. Nf3 d6 4. d4 cxd4 5. Nxd4 e5 6. Nf3 Be7 7. Bc4 Bg4 8. h3
Bh5 9. Qd3 Nf6 10. a3 O-O 11. O-O Nd7 12. Re1 Kh8 13. Nd5 Nc5 14. Qe3 Bxf3 15.
Qxf3 f5 16. exf5 Nd4 17. Qd1 Nxf5 18. Nxe7 Qxe7 19. Qg4 Nd4 20. Qxd4 Qf6 21.
Qe3 Nd7 22. Bd5 Rac8 23. c3 Nc5 24. Rf1 e4 25. Qd4 Qg6 26. b4 Ne6 27. Qxe4 Qxe4
28. Bxe4 Rxc3 29. Bd2 Rc7 30. Rac1 Re7 31. Be3 1-0

[Event "39th Olympiad Khanty-Mansiysk 2010"]
[Site "Khanty-Mansiysk/Russia"]
[Date "2010.09.21"]
[Round "1"]
[White "Daulyte, Deimante"]
[Black "Chen, I-Chen"]
[Result "1-0"]
[WhiteElo "2307"]
[BlackElo "1699"]
[PlyCount "65"]
[EventDate "2010.??.??"]
[WhiteTeam "Lithuania"]
[BlackTeam "TPE"]
[WhiteTeamCountry "LTU"]
[TimeControl "40/5400+30:1800+30"]

1. e4 e5 2. Nf3 Nc6 3. Bb5 a6 4. Ba4 Nf6 5. O-O Be7 6. Re1 b5 7. Bb3 d6 8. c3
O-O 9. h3 Bb7 10. d4 Re8 11. Nbd2 Bf8 12. d5 Na5 13. Bc2 c6 14. b4 Nc4 15. Nxc4
bxc4 16. dxc6 Bxc6 17. Qe2 d5 18. exd5 Nxd5 19. Qxc4 Bb5 20. Qe4 Nf6 21. Qh4
Bd3 22. Ba4 Bb5 23. Bc2 Bd3 24. Rd1 e4 25. Bg5 Re6 26. Bxd3 exd3 27. Nd4 Re4
28. Qxe4 Nxe4 29. Bxd8 Rxd8 30. Rxd3 Rc8 31. Ne2 g6 32. Rad1 Be7 33. Re3 1-0

[Event "39th Olympiad Khanty-Mansiysk 2010"]
[Site "Khanty-Mansiysk/Russia"]
[Date "2010.09.21"]
[Round "1"]
[White "Botsari, Anna-Maria"]
[Black "Pacheco, Medina Hilzandry"]
[Result "1-0"]
[WhiteElo "2302"]
[BlackElo "1875"]
[PlyCount "79"]
[EventDate "2010.??.??"]
[WhiteTeam "Greece"]
[BlackTeam "Puerto Rico"]
[WhiteTeamCountry "GRE"]
[BlackTeamCountry "PUR"]
[TimeControl "40/5400+30:1800+30"]

1. d4 Nf6 2. c4 c5 3. d5 b5 4. a4 b4 5. g3 d6 6. Bg2 g6 7. b3 Bg7 8. Ra2 O-O 9.
Nd2 a5 10. Ngf3 Ra7 11. O-O e6 12. e4 Qc7 13. Re1 exd5 14. cxd5 Nbd7 15. Bb2
Re8 16. Qa1 Ba6 17. Bf1 Bxf1 18. Kxf1 Nh5 19. Bxg7 Nxg7 20. Rc2 Qb8 21. Nc4 f6
22. Nfd2 Re7 23. f4 Ne8 24. Kg2 Nb6 25. Qd1 Qd8 26. Nxb6 Qxb6 27. Nc4 Qd8 28.
e5 Ra6 29. Rce2 dxe5 30. fxe5 fxe5 31. Rxe5 Rxe5 32. Rxe5 Rf6 33. Qe2 Nd6 34.
Re6 Rxe6 35. Qxe6+ Nf7 36. Ne5 Qc7 37. d6 Qb7+ 38. Kf2 Kf8 39. d7 Nd8 40. Qf6+
1-0

[Event "39th Olympiad Khanty-Mansiysk 2010"]
[Site "Khanty-Mansiysk/Russia"]
[Date "2010.09.21"]
[Round "1"]
[White "Kaps, Darja"]
[Black "Maroroa, Sue"]
[Result "1/2-1/2"]
[WhiteElo "2300"]
[BlackElo "1981"]
[PlyCount "68"]
[EventDate "2010.??.??"]
[WhiteTeam "Slovenia"]
[BlackTeam "New Zealand"]
[WhiteTeamCountry "SLO"]
[BlackTeamCountry "NZL"]
[TimeControl "40/5400+30:1800+30"]

1. e4 e5 2. Nf3 Nc6 3. Bc4 Bc5 4. c3 Nf6 5. d3 d6 6. b4 Bb6 7. a4 a5 8. b5 Ne7
9. Nbd2 Ng6 10. Nf1 O-O 11. Be3 c6 12. Rb1 Bxe3 13. Nxe3 Re8 14. Qb3 Re7 15.
Ng5 Nh8 16. O-O h6 17. Nf3 Ng6 18. bxc6 bxc6 19. Qb6 Qe8 20. Nf5 Bxf5 21. exf5
Nf4 22. Rfe1 d5 23. Ba6 Qd7 24. Qb7 Qe8 25. Qb6 Qd7 26. Rxe5 Rxe5 27. Nxe5 Qxf5
28. Re1 Re8 29. Kf1 Qh5 30. f3 Qxh2 31. Qg1 Qg3 32. Qf2 Qh2 33. Qg1 Qg3 34. Qf2
Qh2 1/2-1/2

[Event "39th Olympiad Khanty-Mansiysk 2010"]
[Site "Khanty-Mansiysk/Russia"]
[Date "2010.09.21"]
[Round "1"]
[White "Croad, Nicolas"]
[Black "Corrales Jimenez, Fidel"]
[Result "0-1"]
[WhiteElo "2297"]
[BlackElo "2599"]
[PlyCount "80"]
[EventDate "2010.??.??"]
[WhiteTeam "New Zealand"]
[BlackTeam "Cuba"]
[WhiteTeamCountry "NZL"]
[BlackTeamCountry "CUB"]
[TimeControl "40/5400+30:1800+30"]

1. d4 Nf6 2. c4 e6 3. Nc3 Bb4 4. e3 O-O 5. Bd3 d5 6. Nge2 b6 7. cxd5 exd5 8.
Ng3 c5 9. a3 Bxc3+ 10. bxc3 Ba6 11. O-O Re8 12. Ra2 Bxd3 13. Qxd3 Nc6 14. f3
Re6 15. Re2 Qd7 16. Bb2 Rae8 17. e4 dxe4 18. fxe4 Ne5 19. Qb1 Nc4 20. Ba1 b5
21. e5 cxd4 22. cxd4 Nd5 23. Ne4 Rg6 24. Nc5 Qc6 25. Qf5 Re7 26. e6 Rf6 27. Qg5
Rxf1+ 28. Kxf1 fxe6 29. Kg1 h6 30. Qg3 e5 31. Nd3 Nf4 32. Re1 Nxd3 33. Qxd3 e4
34. Qg3 e3 35. Qb8+ Kh7 36. Qf4 Qd5 37. Bc3 Rf7 38. Qg4 Rf2 39. Qg3 Rc2 40. Bb4
Qd8 0-1

[Event "39th Olympiad Khanty-Mansiysk 2010"]
[Site "Khanty-Mansiysk/Russia"]
[Date "2010.09.21"]
[Round "1"]
[White "Jones, Iolo C"]
[Black "Adhiban, Baskaran"]
[Result "0-1"]
[WhiteElo "2294"]
[BlackElo "2516"]
[PlyCount "98"]
[EventDate "2010.??.??"]
[WhiteTeam "Wales"]
[BlackTeam "India"]
[WhiteTeamCountry "WLS"]
[BlackTeamCountry "IND"]
[TimeControl "40/5400+30:1800+30"]

1. d4 Nf6 2. Nf3 d5 3. Bf4 c5 4. c3 Nc6 5. e3 Qb6 6. Qc1 g6 7. Nbd2 Bg7 8. Bd3
O-O 9. h3 Nd7 10. O-O e5 11. dxe5 Ndxe5 12. Nxe5 Nxe5 13. Be2 Bf5 14. Nf3 Nc4
15. b3 Nd6 16. Be5 Bxe5 17. Nxe5 Rfe8 18. Nf3 Ne4 19. Qb2 Qf6 20. Rac1 Rad8 21.
Nh2 h5 22. Bb5 Re7 23. Rfd1 a6 24. Bf1 Rd6 25. Re1 b5 26. f3 Ng3 27. Qf2 Nxf1
28. Nxf1 Bd3 29. Nd2 c4 30. b4 a5 31. a3 axb4 32. axb4 Ra6 33. e4 Rae6 34. Qc5
Qf4 35. Qe3 Qxe3+ 36. Rxe3 f5 37. Ra1 dxe4 38. fxe4 fxe4 39. Ra5 Re5 40. Nf1
Bxf1 41. Kxf1 Kf7 42. Ke2 Kf6 43. h4 R7e6 44. Rg3 Rd5 45. Rg5 Rd3 46. Raxb5 e3
47. Rg3 Rd2+ 48. Ke1 e2 49. Rf3+ Kg7 0-1

[Event "39th Olympiad Khanty-Mansiysk 2010"]
[Site "Khanty-Mansiysk/Russia"]
[Date "2010.09.21"]
[Round "1"]
[White "Guichard, Pauline"]
[Black "Blackburn, Suzie"]
[Result "1-0"]
[WhiteElo "2293"]
[BlackElo "1939"]
[PlyCount "57"]
[EventDate "2010.??.??"]
[WhiteTeam "France"]
[BlackTeam "Wales"]
[WhiteTeamCountry "FRA"]
[BlackTeamCountry "WLS"]
[TimeControl "40/5400+30:1800+30"]

1. d4 Nf6 2. c4 e6 3. Nc3 Bb4 4. e3 O-O 5. Bd3 d5 6. Nf3 c5 7. O-O cxd4 8. exd4
dxc4 9. Bxc4 b6 10. Bg5 Bb7 11. Re1 Be7 12. Qe2 Re8 13. Ne5 Bb4 14. Rad1 Bxc3
15. bxc3 Bd5 16. Bb5 Rf8 17. c4 Bb7 18. d5 exd5 19. cxd5 h6 20. Nc6 Qd6 21.
Ne7+ Kh8 22. Nf5 Qd8 23. Bh4 a6 24. Bc6 Ra7 25. Qe7 Bxc6 26. Qxa7 Bd7 27. Ne7
g5 28. Bg3 Re8 29. Bc7 1-0

[Event "39th Olympiad Khanty-Mansiysk 2010"]
[Site "Khanty-Mansiysk/Russia"]
[Date "2010.09.21"]
[Round "1"]
[White "Sikorova, Olga"]
[Black "Dahdal, Lougain"]
[Result "1-0"]
[WhiteElo "2290"]
[BlackElo "1885"]
[PlyCount "69"]
[EventDate "2010.??.??"]
[WhiteTeam "Czech Republic"]
[BlackTeam "Jordan"]
[WhiteTeamCountry "CZE"]
[BlackTeamCountry "JOR"]
[TimeControl "40/5400+30:1800+30"]

1. f4 Nf6 2. b3 g6 3. Bb2 Bg7 4. Nf3 d6 5. e4 O-O 6. e5 Nd5 7. g3 Bf5 8. a3 Nc6
9. c4 Nb6 10. d4 dxe5 11. fxe5 Bg4 12. Nbd2 Qd7 13. h3 Bxf3 14. Nxf3 e6 15. Bg2
Ne7 16. O-O Nf5 17. Qe1 Qe7 18. g4 Nh6 19. a4 f5 20. Ba3 Qd7 21. g5 Nf7 22.
Bxf8 Rxf8 23. h4 Qe7 24. a5 Nd7 25. b4 h6 26. Qd2 Rd8 27. Qf4 Qxb4 28. Rab1
Qxc4 29. Rxb7 c5 30. Rc1 Qa6 31. Rbb1 cxd4 32. Nxd4 Bxe5 33. Qf2 hxg5 34. Nc6
Rf8 35. Bf1 1-0

[Event "39th Olympiad Khanty-Mansiysk 2010"]
[Site "Khanty-Mansiysk/Russia"]
[Date "2010.09.21"]
[Round "1"]
[White "Johannes, Manyedi Mabusel"]
[Black "Safarli, Eltaj"]
[Result "0-1"]
[WhiteElo "2288"]
[BlackElo "2607"]
[PlyCount "126"]
[EventDate "2010.??.??"]
[WhiteTeam "South Africa"]
[BlackTeam "Azerbaijan"]
[WhiteTeamCountry "RSA"]
[BlackTeamCountry "AZE"]
[TimeControl "40/5400+30:1800+30"]

1. d4 Nf6 2. c4 g6 3. Nc3 d5 4. cxd5 Nxd5 5. e4 Nxc3 6. bxc3 Bg7 7. Nf3 c5 8.
Rb1 O-O 9. Be2 Nd7 10. O-O Nf6 11. Qd3 b6 12. Bf4 e6 13. e5 Nd5 14. Bd2 cxd4
15. cxd4 h6 16. h4 Bb7 17. Bd1 Rc8 18. h5 Qe8 19. Bc2 Ba6 20. Qxa6 Rxc2 21. Bb4
Qc8 22. Qxa7 Rd8 23. hxg6 fxg6 24. Qa3 Qc4 25. Qb3 Qxb3 26. Rxb3 Rxa2 27. Rc1
Ra4 28. Bd2 g5 29. Be3 Ra2 30. Rc6 Re8 31. Ne1 Ra1 32. Rc1 Rxc1 33. Bxc1 Rc8
34. Be3 Bf8 35. Kf1 Kf7 36. Ke2 Ke8 37. Nf3 Bb4 38. Kd3 Kd7 39. Nd2 Ra8 40. Ne4
Be7 41. Nc3 Nxc3 42. Kxc3 Kc6 43. Kb2 Ra4 44. Rc3+ Kd7 45. g4 b5 46. Rd3 Kc6
47. Rd1 Kd5 48. Rh1 Bf8 49. Kb3 Ra3+ 50. Kb2 Ra4 51. Kb3 Ke4 52. Rg1 Ra8 53.
Rc1 Kf3 54. Rg1 Ra3+ 55. Kb2 Ra4 56. Rg3+ Ke2 57. Rg1 Rb4+ 58. Kc3 Rc4+ 59. Kb3
Bb4 60. Rh1 Bc3 61. Rxh6 Kd3 62. Rh1 Rb4+ 63. Ka3 Kc4 0-1

[Event "39th Olympiad Khanty-Mansiysk 2010"]
[Site "Khanty-Mansiysk/Russia"]
[Date "2010.09.21"]
[Round "1"]
[White "Bensdorp, Marlies"]
[Black "Lopang, Tshepiso"]
[Result "1-0"]
[WhiteElo "2288"]
[BlackElo "1932"]
[PlyCount "63"]
[EventDate "2010.??.??"]
[WhiteTeam "Netherlands"]
[BlackTeam "Botswana"]
[WhiteTeamCountry "NED"]
[BlackTeamCountry "BOT"]
[TimeControl "40/5400+30:1800+30"]

1. d4 d5 2. c4 Nf6 3. cxd5 Qxd5 4. Nc3 Qd8 5. e4 Bg4 6. f3 Bc8 7. Be3 e6 8. Bc4
Be7 9. Nge2 O-O 10. O-O Nc6 11. Rc1 a6 12. a3 h6 13. Ba2 Bd7 14. e5 Nh7 15. f4
Na7 16. d5 exd5 17. Nxd5 Nc6 18. Qc2 Rc8 19. Rcd1 Qe8 20. Ng3 Kh8 21. Bb1 g6
22. f5 Nxe5 23. Bxh6 Rg8 24. Nxe7 Qxe7 25. Qc3 g5 26. f6 Nxf6 27. Nf5 Bxf5 28.
Bxf5 Rce8 29. Qh3 g4 30. Qh4 Nh7 31. Bg5 Qxg5 32. Qxh7# 1-0

[Event "39th Olympiad Khanty-Mansiysk 2010"]
[Site "Khanty-Mansiysk/Russia"]
[Date "2010.09.21"]
[Round "1"]
[White "Boric, Elena"]
[Black "Duron Godoy, Sari Esther"]
[Result "1-0"]
[WhiteElo "2286"]
[BlackElo "1905"]
[PlyCount "79"]
[EventDate "2010.??.??"]
[WhiteTeam "Bosnia  Herzegovina"]
[BlackTeam "Honduras"]
[WhiteTeamCountry "BIH"]
[BlackTeamCountry "HON"]
[TimeControl "40/5400+30:1800+30"]

1. e4 e5 2. Nf3 Nc6 3. Bb5 d6 4. c3 Nf6 5. Qe2 Be7 6. d4 exd4 7. cxd4 O-O 8.
Nc3 Bd7 9. e5 Ne8 10. h3 Nb4 11. O-O a6 12. Bxd7 Qxd7 13. Be3 Qf5 14. a3 Nc6
15. Nd5 Bd8 16. Bd2 Qe6 17. Nf4 Qf5 18. Rac1 g6 19. Rfe1 Ng7 20. Nd5 Kh8 21.
Bc3 Qe6 22. Ne3 Ne7 23. Ng5 Qd7 24. Qf3 Nef5 25. Ne4 Nxe3 26. Qxe3 Re8 27. Qf3
Qf5 28. Qxf5 Nxf5 29. exd6 cxd6 30. d5+ Kg8 31. Kf1 Bc7 32. Nf6+ Kf8 33. Nxh7+
Kg8 34. Nf6+ Kf8 35. Nxe8 Rxe8 36. Bf6 Bb6 37. g4 Rxe1+ 38. Rxe1 Nd4 39. Be7+
Kg8 40. Bxd6 1-0

[Event "39th Olympiad Khanty-Mansiysk 2010"]
[Site "Khanty-Mansiysk/Russia"]
[Date "2010.09.21"]
[Round "1"]
[White "Hoang, Thi Bao Tram"]
[Black "Muhandiram, R M M U."]
[Result "1-0"]
[WhiteElo "2285"]
[BlackElo "1744"]
[PlyCount "123"]
[EventDate "2010.??.??"]
[WhiteTeam "Vietnam"]
[BlackTeam "Sri Lanka"]
[WhiteTeamCountry "VIE"]
[BlackTeamCountry "SRI"]
[TimeControl "40/5400+30:1800+30"]

1. d4 Nf6 2. Nf3 c5 3. e3 e6 4. Bd3 Nc6 5. O-O d5 6. b3 a6 7. Bb2 Be7 8. a3 O-O
9. Nbd2 Qc7 10. c4 Nd7 11. cxd5 exd5 12. Rc1 f5 13. Bb1 b6 14. Qc2 Nf6 15. dxc5
bxc5 16. b4 Ne4 17. bxc5 Rb8 18. Ba2 Be6 19. Nb3 Rb5 20. Nbd4 Nxd4 21. Nxd4
Rxc5 22. Qe2 Qd7 23. Qxa6 Bd6 24. Nxe6 Qxe6 25. Qd3 Rd8 26. Rxc5 Bxc5 27. Rd1
Kh8 28. Bxd5 Qb6 29. Be5 Qa7 30. Bb2 Qb6 31. Qb3 Qd6 32. Qc2 Bb6 33. Bb3 Qxd1+
34. Qxd1 Rxd1+ 35. Bxd1 Kg8 36. Kf1 g6 37. Ke2 Kf7 38. f3 Nc5 39. Bd4 Ke7 40.
Kd2 Kd6 41. Kc3 Kc6 42. Kc4 Nd7 43. Ba4+ Kd6 44. Bxd7 Bxd4 45. Kxd4 Kxd7 46.
Kd5 h6 47. e4 h5 48. e5 g5 49. a4 g4 50. f4 h4 51. a5 g3 52. hxg3 hxg3 53. a6
Kc7 54. Kc5 Kb8 55. Kb6 Kc8 56. a7 Kd7 57. a8=Q Ke6 58. Kc6 Kf7 59. Kd6 Kg7 60.
Ke6 Kg6 61. Qg8+ Kh5 62. Qg5# 1-0